 Dungeon Crawl Stone Soup version 0.31.0-12-g77e489cdc1 (webtiles) character file.

Game seed: 4993160596240816224

172 jimonade the Cleaver (level 5, 0/45 HPs)
             Began as a Hill Orc Monk on Feb 28, 2024.
             Was a Follower of Yredelemnul.
             Incinerated by a bombardier beetle (4 damage)
             ... with a burning spray
             ... on level 3 of the Dungeon.
             The game lasted 00:06:20 (2353 turns).

jimonade the Cleaver (Hill Orc Monk)                Turns: 2353, Time: 00:06:20

Health: 0/45       AC:  5    Str: 16    XL:     5   Next: 53%
Magic:  5/5        EV: 12    Int: 10    God:    Yredelemnul [*.....]
Gold:   118        SH:  0    Dex: 13    Spells: 4/4 levels left

rFire   . . .        a - +0 hand axe
rCold   . . .        d - orb {light}
rNeg    . . .        g - +0 leather armour
rPois   .            (no helmet)
rElec   .            o - +0 cloak
rCorr   +            f - +0 pair of gloves
SInv    .            (no boots)
Will    .....        (no amulet)
Stlth   +            r - ring of resist corrosion
HPRegen 0.27/turn    (no ring)
MPRegen 0.09/turn

%: no passive effects
@: confused, on fire, ambrosia-drunk, glowing
A: no striking features
a: Renounce Religion, Recall Undead Harvest


You were on level 3 of the Dungeon.
You worshipped Yredelemnul.
Yredelemnul was noncommittal.
You visited 1 branch of the dungeon, and saw 3 of its levels.

You collected 118 gold pieces.

Inventory:

Hand Weapons
 a - a +0 hand axe (weapon)
 i - a +2 whip of electrocution
 x - a +0 mace
Missiles
 j - 11 stones (quivered)
Armour
 b - a +0 robe
 d - an orb of light (worn)
 e - a +0 cloak
 f - a +0 pair of gloves (worn)
 g - a +0 leather armour (worn)
 m - a +0 plate armour
 o - a +0 cloak (worn)
 v - a +0 cloak
Jewellery
 r - a ring of resist corrosion (left hand)
Talismans
 w - a flux talisman
Wands
 s - a wand of iceblast (14)
Scrolls
 k - 3 scrolls of teleportation {unknown}
 l - a scroll of enchant armour {unknown}
 q - 2 scrolls of identify {unknown}
 t - a scroll of amnesia {unknown}
 u - a scroll of immolation {unknown}
Potions
 h - a potion of mutation {unknown}
 n - a potion of brilliance {unknown}
 p - 2 potions of enlightenment {unknown}


   Skills:
 - Level 3.6 Fighting
 + Level 8.0 Axes
 - Level 2.4 Dodging


You had 4 spell levels left.
You didn't know any spells.
Your spell library contained the following spells:

 Spells                   Type           Power      Damage    Failure   Level
 Tukima's Dance           Hex            0%         N/A       80%         3
 Passage of Golubria      Tloc           0%         N/A       99%         4
 Yara's Violent Unravell  Hex/Alch       0%         3d3       100%        5


Dungeon Overview and Level Annotations

Branches:
Dungeon (3/15) Zot: 15647

Altars:
Yredelemnul

Shops:
D:2 ?   D:3 [


Message History

You hit Robin.
Robin is almost dead.
A goblin comes into view. It is wielding a +0 dagger.
You hit Robin.
Robin is almost dead.
Robin hits you with a +0 short sword.
A goblin comes into view. It is wielding a +0 club.
You hit Robin but do no damage.
Robin is almost dead.
You hit Robin.
You kill Robin!
The dead are walking!
The goblin hits Robin with a +0 club.
You swap places.
The goblin no longer looks unusually strong.
The goblin hits you with a +0 club.
Things that are here:
a +0 short sword; a +0 animal skin; a +0 helmet You hit the goblin.
You kill the goblin!
The goblin no longer looks unusually strong.
The goblin closely misses you. x2
You see here a +0 club.
You closely miss the goblin. You hit the goblin.
The goblin hits you but does no damage. The goblin barely misses you.
You hit the goblin.
The goblin is severely wounded.
You closely miss the goblin. The goblin hits you with a +0 club.
The goblin hits you but does no damage.
You hit the goblin.
You kill the goblin!
You hit the goblin.
You kill the goblin!
The dead are walking!
No target in view!
No target in view!
No target in view!
You see here a +0 club.
You swap places.
A bombardier beetle comes into view.
A bombardier beetle is nearby!
A hobgoblin comes into view.
The hobgoblin shouts!
You hear a shout!
The bombardier beetle sprays incendiary fluid at you.
The burning spray hits you.
You are covered in liquid fire!
You hit the bombardier beetle.
The bombardier beetle is lightly wounded.
You barely miss the hobgoblin. The liquid fire burns you!
The hobgoblin closely misses you.
You hit the bombardier beetle.
The bombardier beetle is moderately wounded.
You hit the hobgoblin. The liquid fire burns you! The hobgoblin misses you.
The bombardier beetle closely misses you.
You hit the bombardier beetle.
The bombardier beetle is heavily wounded.
You hit the hobgoblin.
You kill the hobgoblin!
The liquid fire burns you!
You hit the bombardier beetle but do no damage.
The bombardier beetle is heavily wounded.
The liquid fire burns you!
The bombardier beetle barely misses you.
You hit the bombardier beetle but do no damage.
The bombardier beetle is heavily wounded.
The liquid fire burns you!
* * * LOW HITPOINT WARNING * * *
You hit the bombardier beetle.
The bombardier beetle is severely wounded.
The liquid fire burns you!
* * * LOW HITPOINT WARNING * * *
The bombardier beetle barely misses you.
You hit the bombardier beetle but do no damage.
The bombardier beetle is severely wounded.
The liquid fire burns you!
* * * LOW HITPOINT WARNING * * *
You hit the bombardier beetle.
The bombardier beetle is almost dead.
The liquid fire burns you!
* * * LOW HITPOINT WARNING * * *
The bombardier beetle sprays incendiary fluid at you.
The burning spray hits you.
You are even more covered in liquid fire!
You swap places.
You shake off some of the fire as you move.
The liquid fire burns you!
* * * LOW HITPOINT WARNING * * *
The bombardier beetle bites your goblin zombie.
Your goblin zombie hits the bombardier beetle.
The bombardier beetle dies!
Your Axes skill increases to level 8!
You are confused.
You feel invigorated. The liquid fire burns you!
* * * LOW HITPOINT WARNING * * *
The liquid fire burns you!
You die...
Your body rises from the dead as a mindless zombie.

#.# #.# #.# ## #.#
.. ... ####.##.#
........# #Z# #@#
#Z# #Z# #Z# #.#
#.# #.# #.#
################)#


You could see a friendly ball python zombie, 2 friendly goblin zombies and the
friendly Robin the hobgoblin zombie.

Vanquished Creatures
  Robin (D:3)
  An adder (D:2)
  A ribbon worm (D:2)
  4 dart slugs
  6 endoplasms
  12 goblins
  2 hobgoblins (D:3)
  3 jackals (D:2)
  A quokka (D:2)
  4 ball pythons
  2 bats (D:1)
  A frilled lizard (D:2)
  2 kobolds (D:1)
  A rat (D:3)
41 creatures vanquished.

Vanquished Creatures (collateral kills)
  2 bombardier beetles
  Natasha (D:2)
  An orc (D:3)
  2 giant cockroaches (D:1)
  A hobgoblin (D:1)
  2 ball pythons (D:1)
  A bat (D:1)
  A frilled lizard (D:1)
  A rat (D:1)
12 creatures vanquished.

Vanquished Creatures (others)
  An adder zombie (D:2)
  A bat zombie (D:1)
  2 ball python zombies (D:1)
  A goblin zombie (D:2)
  A jackal zombie (D:2)
  A quokka zombie (D:1)
7 creatures vanquished.

Grand Total: 60 creatures vanquished

Notes
Turn   | Place    | Note
-------+----------+-------------------------------------------
     0 | D:1      | jimonade the Hill Orc Monk began the quest for the Orb.
     0 | D:1      | Reached XP level 1. HP: 19/19 MP: 1/1
    77 | D:1      | Found a faded altar of an unknown god.
    85 | D:1      | Reached XP level 2. HP: 21/26 MP: 2/2
    92 | D:1      | Prayed at the altar of an unknown god.
    92 | D:1      | Became a worshipper of Yredelemnul the Dark
    92 | D:1      | Reached * piety under Yredelemnul
    92 | D:1      | Reached ** piety under Yredelemnul
   232 | D:1      | Reached skill level 5 in Axes
   892 | D:1      | Reached XP level 3. HP: 31/31 MP: 3/3
  1337 | D:2      | Found Nuashredi's Magic Scroll Shoppe.
  1421 | D:2      | Found a basalt altar of Yredelemnul.
  1614 | D:2      | Reached skill level 6 in Axes
  1736 | D:2      | Noticed Natasha
  1746 | D:2      | Killed Natasha
  1747 | D:2      | Reached XP level 4. HP: 34/39 MP: 1/4
  1930 | D:2      | Reached skill level 7 in Axes
  2065 | D:3      | Found Ruawozum's Armour Boutique.
  2131 | D:3      | Reached XP level 5. HP: 45/45 MP: 5/5
  2293 | D:3      | Noticed Robin
  2308 | D:3      | Killed Robin
  2352 | D:3      | Reached skill level 8 in Axes
  2352 | D:3      | HP: 1/45 [burnt (4)]
  2353 | D:3      | Incinerated by a bombardier beetle

Illustrated notes

Levels and vault maps discovered:
D:1:      dpeg_arrival_rooms_with_view, layout_basic, basic_ecumenical_altar,
          fountainhead, patterned_corridor
D:2:      layout_basic, basic_altar, serial_shops, shop, chequers_mini_garden,
          uniq_natasha
D:3:      kennysheep_big_flooded_room, layout_basic,
          nicolae_overflow_ecumenical_swirl, serial_shops, shop, shop, shop,
          uniq_robin

Skill      XL: |  1  2  3  4  5 |
---------------+----------------+-----
Axes           | 5 6 7 8 |  8.0
Fighting       | |  3.6
Dodging        | |  2.4

Action                     |  1- 3 |  4- 6 || total
---------------------------+-------+-------++-------
  Melee: Hand axe          |    81 |    51 ||   132
 Invoke: Recall Undead Har |    15 |     3 ||    18
    Use: Potion            |       |     1 ||     1
 Armour: Robe              |     5 |       ||     5
         Leather armour    |    31 |    19 ||    50
  Dodge: Dodged            |    37 |    20 ||    57
